 Dungeon Crawl Stone Soup version 0.26-a0-651-gb41185065b (webtiles) character file.

Game seed: 5555008052324538087

19229 Ozzies the Fighter (level 12, 0/85 HPs)
             Began as a Gargoyle Fighter on Oct 13, 2020.
             Was a High Priest of Okawaru.
             Slain by a hog (12 damage)
             ... led by Kirke
             ... on level 13 of the Dungeon.
             The game lasted 00:25:46 (12849 turns).

Ozzies the Fighter (Gargoyle Fighter)              Turns: 12849, Time: 00:25:46

Health: 0/85       AC:  0    Str: 23 (24) XL:     12   Next: 66%
Magic:  12/12      EV: 30    Int: 10      God:    Okawaru [*****.]
Gold:   773        SH:  0    Dex:  9      Spells: 11/11 levels left

rFire    . . .     SeeInvis .   (weapon currently unavailable)
rCold    . . .     Faith    .   (shield currently unavailable)
rNeg     + . .     Spirit   .   (armour currently unavailable)
rPois    ∞         Reflect  .   (helmet currently unavailable)
rElec    .         Harm     .   (cloak currently unavailable)
rCorr    .         Rampage  .   (gloves currently unavailable)
MR       .....                  (boots currently unavailable)
Stlth    +.........             z - amulet of the acrobat
HPRegen  0.24/turn              (ring currently unavailable)
MPRegen  0.13/turn              (ring currently unavailable)

@: pig-form, acrobat, slowed
A: small, deterioration 1, negative energy resistance 1, petrification
resistance, rot immunity, AC +8
a: Heroism, Finesse, Renounce Religion


You were on level 13 of the Dungeon.
You worshipped Okawaru.
Okawaru was extremely pleased with you.
You were a filthy swine.
You visited 2 branches of the dungeon, and saw 15 of its levels.
You visited 1 bazaar.
You also visited: Sewer.

You collected 1094 gold pieces.
You spent 321 gold pieces at shops.

Inventory:

Hand Weapons
 e - a +2 vampiric broad axe (melded)
 i - a +2 dagger of electrocution
 x - a +0 morningstar
Armour
 q - a +0 helmet (melded)
 H - a +3 plate armour (melded)
 I - a +0 cloak (melded)
 J - a +0 tower shield (melded)
 K - a +0 pair of boots
 O - the +2 pair of gloves of Grottiness (melded) {rPois Dex+2}
   (Okawaru gifted it to you on level 12 of the Dungeon)

   It affects your dexterity (+2).
   It protects you from poison.
Jewellery
 k - a +4 ring of protection
 v - a ring of protection from magic (melded)
 z - an amulet of the acrobat (around neck)
 C - a ring of protection from cold (melded)
 D - an uncursed ring of flight
 E - an uncursed ring of protection from fire
Wands
 F - a wand of paralysis (5)
 L - a wand of iceblast (5)
 P - a wand of acid (10)
Scrolls
 b - 2 scrolls of brand weapon {unknown}
 c - 3 scrolls of random uselessness {unknown}
 f - 4 scrolls of amnesia
 h - 10 scrolls of teleportation {@r3 !r}
 l - 5 scrolls of enchant armour
 n - 5 scrolls of remove curse {@r2}
 o - 4 scrolls of blinking
 s - a scroll of noise {unknown}
 u - 2 scrolls of enchant weapon {unknown}
 w - 3 scrolls of immolation
 y - 3 scrolls of magic mapping {@r5 !r}
 B - 2 scrolls of vulnerability
 G - 2 scrolls of fear {unknown}
 Q - 2 scrolls of identify {@r1}
 R - a scroll of summoning {unknown}
Potions
 a - a potion of invisibility {unknown}
 d - 5 potions of might {@q3 !q}
 g - 3 potions of haste
 j - 11 potions of curing {@q1 !q}
 m - 2 potions of berserk rage
 p - 5 potions of mutation
 r - 6 potions of heal wounds {@q2 !q}
 t - 2 potions of brilliance {unknown}
 A - 4 potions of flight
 M - 2 potions of lignification {unknown}


   Skills:
 * Level 14.3 Fighting
 + Level 4.9(6.1) Axes
 - Level 6.0(7.0) Maces & Flails
 + Level 10.1 Armour
 - Level 3.0 Dodging
 + Level 10.0 Shields
 * Level 4.1 Evocations


You had 11 spell levels left.
You didn't know any spells.
Your spell library contained the following spells:

 Spells                   Type           Power        Failure   Level
 Animate Skeleton         Necr           #.....       36%         1
 Pain                     Necr           #...         36%         1
 Sting                    Tmut/Pois      #...         36%         1
 Poisonous Vapours        Pois/Air       #.....       50%         2
 Ignite Poison            Fire/Tmut/Pois #.......     75%         3
 Mephitic Cloud           Conj/Pois/Air  #.......     75%         3
 Vampiric Draining        Necr           #.........   75%         3
 Animate Dead             Necr           #.........   98%         4
 Olgreb's Toxic Radiance  Pois           #.......     98%         4
 Agony                    Necr           #.......     100%        5


Dungeon Overview and Level Annotations

Branches:
Dungeon (14/15)            Temple (1/1) D:6            Lair (0/6) D:10
    Orc (0/2) D:11          Sewer (visited)
 Vaults: D:13-14

Altars:
Ashenzari
Cheibriados
Elyvilon
Fedhas
Gozag
Hepliaklqana
Kikubaaqudgha
Okawaru
Qazlal
Sif Muna
Trog
Uskayaw
Vehumet
Wu Jian
Xom
Yredelemnul
Zin

Shops:
D:10 ![((*

Annotations:
D:14 Kirke


Innate Abilities, Weirdness & Mutations

You are resistant to torment.
((Your stone body is resilient. (AC +8)))
You are immune to poison.
You resist negative energy. (rN+)
((You are resistant to electric shocks. (rElec)))
((You can survive without breathing.))
You are immune to petrification.
You are immune to rotting.
Your body sometimes deteriorates upon taking damage.


Message History

The harpy claws you but does no damage. x2
You hit the hog.
The hog is heavily wounded.
You hit Kirke. You hit the two-headed ogre.
You feel better.
You barely miss the harpy. You block the harpy's attack.
The harpy claws you but does no damage. You block the harpy's attack.
The harpy claws you but does no damage. x2; The harpy claws you.
You block the two-headed ogre's attack.
The two-headed ogre hits you with a +0 giant club!
The hog bites you but does no damage. The harpy closely misses you.
The harpy claws you but does no damage. Kirke hits you but does no damage.
The hog bites you but does no damage.
The two-headed ogre hits you but does no damage.
The two-headed ogre barely misses you.
You closely miss the hog.
The hog is heavily wounded.
You hit Kirke.
You feel better.
Your shield and plate armour prevent you from hitting the two-headed ogre.
Your plate armour prevents you from hitting the harpy.
You closely miss the harpy. You block the harpy's attack.
The harpy claws you but does no damage. x3; Kirke hits you.
You block the hog's attack. Kirke gestures at you while chanting.
You feel yourself slow down. The two-headed ogre barely misses you.
The two-headed ogre hits you but does no damage.
You barely miss Kirke.
Kirke is heavily wounded.
You closely miss the hog. You closely miss the harpy.
You hit the two-headed ogre. You block the harpy's attack. x4
The hog bites you but does no damage.
The harpy claws you but does no damage. x2
The hog bites you but does no damage. Kirke gestures at you while chanting.
You turn into a filthy swine.
Your +2 vampiric broad axe melds into your body.
Your +0 cloak melds into your body.
Your +0 helmet melds into your body.
The +2 pair of gloves of Grottiness {rPois Dex+2} melds into your body.
Your +0 tower shield melds into your body.
Your +3 plate armour melds into your body.
Your ring of protection from cold melds into your body.
Your ring of protection from magic melds into your body.
You feel the dreadful sensation subside.
The two-headed ogre closely misses you.
The two-headed ogre hits you with a +0 giant club!!
The hog closely misses you. The harpy completely misses you.
The harpy claws you.
Kirke says, "Can we stop fighting?
I have some good wine for you..." Kirke closely misses you.
You are too injured to fight recklessly!
You are too injured to fight recklessly!
You are too injured to fight recklessly!
You are too injured to fight recklessly!
You are too injured to fight recklessly!
You are too injured to fight recklessly!
You are too injured to fight recklessly!
You are too injured to fight recklessly!
You are too injured to fight recklessly!
You are too injured to fight recklessly!
You are too injured to fight recklessly!
You are too injured to fight recklessly!
You are too injured to fight recklessly!
You are too injured to fight recklessly!
You are too injured to fight recklessly!
You are too injured to fight recklessly!
You are too injured to fight recklessly!
The harpy barely misses you. The harpy completely misses you. x2
The harpy closely misses you.
Kirke casts a spell.
Kirke summons a manticore!
There is a stone staircase leading up here.
The harpy closely misses you. The harpy barely misses you.
The harpy closely misses you. The harpy claws you. The hog bites you!
The two-headed ogre barely misses you. The two-headed ogre closely misses you.
The hog bites you!
* * * LOW HITPOINT WARNING * * *
You climb upwards.
There is a stone staircase leading down here.
The hog completely misses you. The hog closely misses you.
The hog closely misses you. The two-headed ogre closely misses you.
The two-headed ogre misses you. The hog completely misses you.
The hog bites you!
* * * LOW HITPOINT WARNING * * *
The hog misses you. The hog completely misses you.
The two-headed ogre misses you. x2
The hog misses you. The hog completely misses you.
The hog completely misses you.
There is a stone staircase leading down here.
The hog completely misses you.
There is an open door here.
The hog bites you!
* * * LOW HITPOINT WARNING * * *
The hog misses you. The hog completely misses you.
The hog completely misses you.
There is a stone staircase leading up here.
The hog completely misses you. x2
The hog bites you!
You die...

....#.......##...##........(.....
....##......##...##..............
....##................##..<##....
......................##...##....
...........................##...#
..........<................##...#
.................##...##........#
......(.....##.O.##...##........#
............##.hh##....'........#
.................'.....#........#
....##...........#...^.#........+
######...........#....##...##...#
#............#....#######...#
#............#....#....#.....
#............#....#....#.....
#............#....#....#.....
######'##..##.####+#####..###..#


You could see a two-headed ogre and a hog.

Vanquished Creatures
  A hydra (D:11)
  3 two-headed ogres
  An ugly thing (D:10)
  2 cyclopes (D:11)
  3 centaur zombies
  A gargoyle (D:11)
  A komodo dragon (D:13)
  2 trolls
  2 hornets
  5 hippogriffs
  A meliai zombie (D:11)
  A wyvern (D:13)
  4 wraiths
  5 hogs (D:14)
  10 yaks
  A steam dragon (D:11)
  5 vampire mosquitoes
  A soldier ant (D:11)
  A black bear (D:10)
  9 ice beasts
  8 orc warriors
  Purgy (Sewer)
  An eye of draining (D:11)
  4 sky beasts
  2 phantoms
  A necrophage (D:6)
  6 ogres
  A crocodile (D:12)
  3 centaurs
  5 big kobolds
  8 bullfrogs
  A gnoll sergeant (D:8)
  A water moccasin zombie (D:8)
  A water moccasin skeleton (D:4)
  3 scorpions
  10 killer bees
  12 wights
  4 howler monkeys
  A crimson imp (D:10)
  A jelly (D:9)
  2 bullfrog zombies
  11 hounds
  A bullfrog skeleton (D:13)
  3 centaur skeletons
  10 orc priests
  15 orc wizards
  6 iguanas
  13 worker ants
  A statue (D:6)
  A hound skeleton (D:11)
  3 worker ant zombies
  16 adders
  8 gnolls
  2 river rats (D:4)
  2 shadow imps
  5 white imps
  6 worms
  2 dart slugs (D:2)
  7 leopard geckos
  66 orcs
  3 ball pythons
  9 bats
  5 giant cockroaches
  10 goblins
  3 hobgoblins
  2 jackals (D:8)
  11 kobolds
  A quokka (D:2)
  6 frilled lizards
  A jackal skeleton (D:6)
  A leopard gecko skeleton (D:6)
  12 rats
377 creatures vanquished.

Vanquished Creatures (others)
  A swamp drake (D:11)
  An orc (D:11)
  4 plants (D:8)
6 creatures vanquished.

Grand Total: 383 creatures vanquished

Notes
Turn   | Place    | Note
-------+----------+-------------------------------------------
     0 | D:1      | Ozzies the Gargoyle Fighter began the quest for the Orb.
     0 | D:1      | Reached XP level 1. HP: 14/14 MP: 1/1
   261 | D:1      | Reached XP level 2. HP: 18/20 MP: 2/2
   519 | D:1      | Reached skill level 4 in Fighting
   819 | D:2      | Reached XP level 3. HP: 24/24 MP: 3/3
  1026 | D:2      | Found a stormy altar of Qazlal.
  1057 | D:2      | Reached skill level 5 in Fighting
  1057 | D:2      | Reached XP level 4. HP: 29/31 MP: 4/4
  1851 | D:3      | Reached skill level 6 in Fighting
  1851 | D:3      | Reached XP level 5. HP: 35/36 MP: 5/5
  2368 | D:3      | Reached skill level 7 in Fighting
  2368 | D:3      | Reached XP level 6. HP: 28/44 MP: 6/6
  3140 | D:4      | Found a glowing drain.
  3153 | Sewer    | Entered a sewer
  3268 | Sewer    | Reached skill level 1 in Dodging
  3268 | Sewer    | Reached XP level 7. HP: 45/48 MP: 7/7
  3292 | Sewer    | Noticed Purgy
  3304 | Sewer    | Killed Purgy
  3680 | D:4      | Reached skill level 8 in Fighting
  4149 | D:5      | Entered Level 5 of the Dungeon
  4166 | D:5      | Reached XP level 8. HP: 48/54 MP: 8/8
  4487 | D:5      | Reached skill level 9 in Fighting
  4487 | D:5      | Reached skill level 5 in Armour
  4487 | D:5      | Reached skill level 5 in Shields
  4991 | D:6      | Found a white marble altar of Elyvilon.
  5448 | D:5      | Reached XP level 9. HP: 50/61 MP: 9/9
  6240 | D:6      | Found a stormy altar of Qazlal.
  6307 | D:6      | Found a radiant altar of Vehumet.
  6415 | D:6      | Found a staircase to the Ecumenical Temple.
  6422 | Temple   | Entered the Ecumenical Temple
  6709 | Temple   | Became a worshipper of Warmaster Okawaru
  6739 | D:6      | Reached skill level 10 in Fighting
  6856 | D:7      | Reached skill level 5 in Maces & Flails
  7280 | D:7      | Reached * piety under Okawaru
  7631 | D:8      | Reached XP level 10. HP: 68/68 MP: 10/10
  7659 | D:8      | Reached skill level 11 in Fighting
  7743 | D:8      | Found an opulent altar of Gozag.
  7936 | D:8      | Noticed a two-headed ogre
  7945 | D:8      | Killed a two-headed ogre
  7945 | D:8      | Reached ** piety under Okawaru
  7982 | D:8      | Identified the +5 great mace "Libbel" {vorpal, Str+2}
  8028 | D:8      | Found a blossoming altar of Fedhas.
  8053 | D:8      | Noticed a two-headed ogre
  8067 | D:8      | Killed a two-headed ogre
  8067 | D:8      | Reached *** piety under Okawaru
  8067 | D:8      | Reached skill level 12 in Fighting
  8466 | D:8      | Got an iridescent whip
  8466 | D:8      | Identified the cursed +0 whip of Precise Incision {protect,
                  | *Contam rC+++ Int+6} (You found it on level 8 of the
                  | Dungeon)
  8486 | D:8      | Gained mutation: Your body sometimes deteriorates upon
                  | taking damage. [mutagenic glow]
  8562 | D:9      | You fall into a shaft and drop 1 floor!
  8562 | D:10     | Entered Level 10 of the Dungeon
  8580 | D:10     | Found Itwopsiten's Weapon Boutique.
  8584 | D:10     | Noticed a red ugly thing
  8596 | D:10     | Killed a red ugly thing
  8596 | D:10     | Reached skill level 1 in Axes
  8596 | D:10     | Reached XP level 11. HP: 65/76 MP: 11/11
  8665 | D:10     | Found Kaehimpe's Antique Weapon Emporium.
  8746 | D:10     | Received a gift from Okawaru
  8760 | D:10     | Found Ysiysoja's Distillery.
  8768 | D:10     | Bought a potion of heal wounds for 75 gold pieces
  8849 | D:10     | Found Tocused's Armour Boutique.
  8999 | D:10     | Found Sit Fibisam's General Store.
  9018 | D:10     | Bought a potion of curing for 36 gold pieces
  9171 | D:10     | Found a staircase to the Lair.
  9319 | D:10     | Reached **** piety under Okawaru
  9447 | D:11     | Reached skill level 13 in Fighting
  9742 | D:11     | Noticed a cyclops
  9748 | D:11     | Killed a cyclops
  9754 | D:11     | Reached skill level 1 in Evocations
 10097 | D:11     | Noticed a five-headed hydra
 10110 | D:11     | Killed a six-headed hydra
 10570 | D:11     | Reached ***** piety under Okawaru
 10586 | D:11     | Reached XP level 12. HP: 68/84 MP: 12/12
 11013 | D:11     | Found a staircase to the Orcish Mines.
 11040 | D:11     | Received a gift from Okawaru
 11320 | D:12     | Reached skill level 14 in Fighting
 11657 | D:12     | Received a gift from Okawaru
 11658 | D:12     | Got a pair of smoking gloves {god gift}
 11663 | D:12     | Identified the +2 pair of gloves of Grottiness {rPois
                  | Dex+2} (Okawaru gifted it to you on level 12 of the
                  | Dungeon)
 11692 | D:12     | Noticed a two-headed ogre
 11705 | D:12     | Killed a two-headed ogre
 11879 | D:13     | Found a flickering gateway to a bazaar.
 11887 | Bazaar   | Entered a bazaar
 11904 | Bazaar   | Found Weip's Weapon Shoppe.
 11919 | Bazaar   | Found Goyj's Gadget Emporium.
 11934 | Bazaar   | Found Zuricido's Distillery.
 12036 | Bazaar   | Bought a potion of heal wounds for 75 gold pieces
 12036 | Bazaar   | Bought a potion of berserk rage for 75 gold pieces
 12036 | Bazaar   | Bought a potion of might for 60 gold pieces
 12257 | D:13     | Reached skill level 10 in Armour
 12397 | D:13     | Reached skill level 10 in Shields
 12796 | D:14     | Noticed Kirke
 12803 | D:14     | Noticed a two-headed ogre
 12849 | D:13     | Slain by a hog

Illustrated notes

Levels and vault maps discovered:
D:1:      nagdon_arrival_double_spiral, layout_basic
D:2:      layout_basic, marbit_many_paths, ebering_dispersal_statue_hall
D:3:      kennysheep_six_static_rooms, layout_basic
D:4:      layout_loops_cross, portal_sewer_entry_b,
          hangedman_abyss_or_decor_stagger, minmay_tree_intersection
D:5:      layout_rooms
D:6:      layout_basic, lemuel_round_altar, vehumet_statue,
          minmay_temple_entry_nine_rooms, grunt_qazlal_clouds
D:7:      layout_loops_cross, serial_rivers, chequers_serial_rivers_micro_a,
          chequers_serial_rivers_small_b, chequers_serial_rivers_marsh,
          chequers_serial_rivers_micro_d, kennysheep_generic_room_11
D:8:      layout_loops_ring, fedhas_altar_1, kennysheep_mini_moat,
          kennysheep_kite_vault
D:9:      layout_roguey, nicolae_overflow_hidden_temple,
          lemuel_mausoleum_altar_kikubaaqudgha
D:10:     layout_roguey, lair_entry_dummy, serial_shops,
          nicolae_shop_waterfront, shop, shop_coins, shop, shop,
          minmay_fire_ice_demons
D:11:     layout_roguey, erik_orc_1
D:12:     layout_roguey
D:13:     layout_gridville, serial_shops, bzr_entry_dummy
D:14:     layout_stronghold, erik_vaults_1, minmay_misc_feat_roman,
          grunt_ministairs_10, uniq_kirke
Temple:   minmay_temple_forest_path

Skill      XL: |  1  2  3  4  5  6  7  8  9 10 11 12 |
---------------+-------------------------------------+-----
Fighting       | 4 5 6 7 8 9 10 12 13 14 | 14.3
Dodging        | 1 2 3 |  3.0
Maces & Flails | 3 4 5 6 |  6.0
Shields        | 4 5 6 8 9 10 | 10.0
Armour         | 4 5 6 8 9 10 | 10.1
Axes           | 1 3 4 |  4.9
Evocations     | 2 4 |  4.1

Action                   |  1- 3 |  4- 6 |  7- 9 | 10-12 || total
-------------------------+-------+-------+-------+-------++-------
Melee: Flail             |    37 |       |       |       ||    37
       Dagger            |    62 |   175 |   384 |       ||   621
       Broad axe         |       |       |    69 |   846 ||   915
       Morningstar       |       |       |       |     6 ||     6
  Use: Scroll            |       |     5 |     4 |     7 ||    16
 Stab: Confused          |       |       |       |     4 ||     4
Armor: Scale mail        |    56 |    75 |   110 |       ||   241
       Plate armour      |       |       |   147 |   769 ||   916
Dodge: Dodged            |    40 |    51 |   135 |   278 ||   504
Block: Kite shield       |    55 |    87 |   275 |    71 ||   488
       Tower shield      |       |       |       |   958 ||   958

Table legend: (Time is in decaauts)
 A = Elapsed time spent in this place.
 B = Non-inter-level travel time spent in this place.
 C = Inter-level travel time spent in this place.
 D = Time resting spent in this place.
 E = Time spent auto-exploring this place.
 F = Levels seen in this place.
 G = Mean time per level.
                   A        B        C        D        E       F      G
               +--------+--------+--------+--------+--------+-----+--------+
         Total |  13391 |  12841 |    550 |   1085 |   8281 |  17 |  787.7 |
       Dungeon |  12480 |  11966 |    514 |    978 |   7684 |  14 |  891.4 |
        Temple |    313 |    277 |     36 |      0 |    276 |   1 |  313.0 |
        Bazaar |    165 |    165 |      0 |      0 |     66 |   1 |  165.0 |
         Sewer |    431 |    431 |      0 |    107 |    255 |   1 |  431.0 |
               +--------+--------+--------+--------+--------+-----+--------+

Top non-repeatable levels by time:
    D:11: 1853 daAuts
     D:6: 1373 daAuts
     D:8: 1104 daAuts
     D:2: 1048 daAuts
     D:3: 1030 daAuts
    D:10: 967 daAuts
     D:5: 966 daAuts
     D:4: 900 daAuts
    D:13: 826 daAuts
     D:1: 810 daAuts
    D:12: 771 daAuts
     D:7: 749 daAuts
   Sewer: 431 daAuts
  Temple: 313 daAuts
  Bazaar: 165 daAuts
